 Dungeon Sprint DCSS version 0.27-a0-40-g5f2be0e231 (webtiles) character file.

Game seed: 11888194106865892879

39 mhtbhm the Covered (level 3, -1/36 HPs)
             Began as a Minotaur Fighter on Jan 6, 2021.
             Slain by an adder (4 damage)
             ... in the Dungeon (Sprint IX: "|||||||||||||||||||||||||||||").
             The game lasted 00:00:17 (88 turns).

mhtbhm the Covered (Minotaur Fighter)                 Turns: 88, Time: 00:00:17

Health: -1/36      AC:  7    Str: 21    XL:     3   Next: 28%
Magic:  2/2        EV:  7    Int:  5    God:
Gold:   0          SH: 10    Dex:  9    Spells: 2/2 levels left

rFire    . . .     SeeInvis .   a - +0 long sword
rCold    . . .     Faith    .   c - +0 kite shield
rNeg     . . .     Spirit   .   b - +0 scale mail
rPois    .         Reflect  .   (helmet restricted)
rElec    .         Harm     .   (no cloak)
rCorr    .         Rampage  .   (no gloves)
Will     .....     NoTele   +   (no boots)
Stlth    ..........             (no amulet)
HPRegen  0.12/turn              (no ring)
MPRegen  0.08/turn              (no ring)

@: no status effects
A: retaliatory headbutt, horns 2
a: no special abilities


You were in the Dungeon.
You visited 1 branch

Inventory:

Hand Weapons
 a - a +0 long sword (weapon)
Armour
 b - a +0 scale mail (worn)
 c - a +0 kite shield (worn)
Scrolls
 j - a scroll of blinking
Potions
 d - a potion of might
 f - a potion of heal wounds
 g - a potion of haste
 h - 2 potions of magic
 i - a potion of berserk rage


   Skills:
 + Level 5.5 Fighting
 + Level 3.5 Long Blades
 + Level 5.8 Armour
 + Level 5.5 Shields


You had 2 spell levels left.
You didn't know any spells.
Your spell library was empty.

Dungeon Overview and Level Annotations

Branches:
Dungeon (1/1)

Altars:


Innate Abilities, Weirdness & Mutations

You reflexively headbutt those who attack you in melee.
You have a pair of horns on your head.


Message History

You have reached level 3!
Your experience leads to an increase in your attributes!
Increase (S)trength, (I)ntelligence, or (D)exterity?
You feel stronger.
Unknown command.
You hit the adder.
The adder is moderately wounded.
You block the adder's attack. The adder bites you but does no damage.
You hit the adder. Your headbutt misses the adder.
The adder is moderately wounded.
The adder bites you but does no damage. You block the adder's attack.
You miss the adder. Your headbutt misses the adder.
The adder is moderately wounded.
The adder bites you but does no damage.
You barely miss the adder.
The adder is moderately wounded.
The adder completely misses you.
You riposte.
You miss the adder.
The adder is moderately wounded.
The adder bites you.
You die...

▓+▓
▓.▓
▓.▓
▓.▓
▓Z▓
▓S▓
▓S▓
▓@▓
▓.▓
▓.▓
▓.▓
▓.▓
▓)▓
▓.▓
▓.▓
▓.▓


You could see 2 adders and a bat zombie.

Vanquished Creatures
  An iguana (D)
  An adder (D)
  A giant cockroach (D)
  A goblin (D)
  A jackal (D)
  2 rats (D)
7 creatures vanquished.

Notes
Turn   | Place    | Note
-------+----------+-------------------------------------------
     0 | D        | mhtbhm the Minotaur Fighter began the quest for the Orb.
     0 | D        | Reached XP level 1. HP: 19/19 MP: 0/0
    68 | D        | Noticed an iguana
    76 | D        | Reached XP level 2. HP: 19/28 MP: 1/1
    85 | D        | Reached skill level 5 in Fighting
    85 | D        | Reached skill level 5 in Armour
    85 | D        | Reached skill level 5 in Shields
    85 | D        | Reached XP level 3. HP: 3/36 MP: 2/2
    88 | D        | Slain by an adder

Illustrated notes

Levels and vault maps discovered:
D:        linesprint [early_d, line_temple, items_1, d_10, items_2, lair_1,
          lair_end, items_3, orc_1, orc_end, items_4, d_15, swamp_1, shoals_1,
          snake_1, spider_1, d_20, vaults_1, items_5, swamp_end, shoals_end,
          snake_end, spider_end, vaults_end, d_27, items_6, zot_1, zot_end,
          crypt_end, forest_end, elf_end, slime_end, tomb_end, abyss_end,
          pan_hell_end]

Skill      XL: |  1  2 |
---------------+-------+-----
Fighting       | 4 5 |  5.5
Armour         | 4 5 |  5.8
Shields        | 4 5 |  5.5
Long Blades    | 3 |  3.5

Action                   || total
-------------------------++-------
Melee: Long sword        ||    31
       Headbutt          ||     7
  Use: Potion            ||     1
Armor: Scale mail        ||    16
Dodge: Dodged            ||    13
Block: Kite shield       ||     8
       Rpst.: Long sword ||     4

Table legend: (Time is in decaauts)
 A = Elapsed time spent in this place.
 B = Non-inter-level travel time spent in this place.
 C = Inter-level travel time spent in this place.
 D = Time resting spent in this place.
 E = Time spent auto-exploring this place.
 F = Levels seen in this place.
 G = Mean time per level.
                   A        B        C        D        E       F      G
               +--------+--------+--------+--------+--------+-----+--------+
         Total |     98 |     98 |      0 |      0 |     54 |   1 |   98.0 |
       Dungeon |     98 |     98 |      0 |      0 |     54 |   1 |   98.0 |
               +--------+--------+--------+--------+--------+-----+--------+

Top non-repeatable levels by time:
       D: 98 daAuts
